 Dungeon Crawl Stone Soup version 0.23-a0-301-g9da9e51 (webtiles) character file.

3169 mhoghedin the Archer (level 9, -2/120 HPs)
             Began as a Centaur Hunter on Oct 7, 2018.
             Was an Initiate of Gozag.
             Slain by a killer bee (8 damage)
             ... on level 7 of the Dungeon.
             The game lasted 00:17:18 (12023 turns).

mhoghedin the Archer (Centaur Hunter)              Turns: 12023, Time: 00:17:19

Health: -2/120     AC:  7    Str: 20    XL:     9   Next: 63%
Magic:  9/9        EV:  9    Int: 10    God:    Gozag
Gold:   355        SH:  0    Dex: 13    Spells: 8/8 levels left

rFire    + . .     SeeInvis +     - Unarmed
rCold    . . .     Gourm    .   (no shield)
rNeg     . . .     Faith    .   w - +2 leather armour {rF+}
rPois    .         Spirit   .   (no helmet)
rElec    .         Reflect  .   o - +0 cloak
rCorr    .         Harm     .   (no gloves)
MR       +....                  (no barding)
Stlth    ..........             s - amulet of magic regeneration
HPRegen  0.30/turn              m - ring of protection from magic {MR+, !d}
MPRegen  0.36/turn              q - ring of see invisible {sInv, !d}

@: berserking (expiring), lethally poisoned (-2 -> -24), gold aura, very quick
A: large, hooves 3, deformed body, speed 2, tough skin 3
a: Potion Petition, Call Merchant, Bribe Branch, Renounce Religion


You were on level 7 of the Dungeon.
You worshipped Gozag.
Gozag was aware of your devotion.
You were not hungry.

You visited 1 branch of the dungeon, and saw 7 of its levels.
You also visited: Sewer.

You collected 427 gold pieces.
You paid 72 gold pieces to Gozag.

Inventory:

Hand Weapons
 a - a +1 shortbow
Missiles
 t - 100 arrows
Armour
 o - a +0 cloak (worn)
   (You found it on level 2 of the Dungeon)
 w - a +2 leather armour of fire resistance (worn)
   (You took it off Duvessa on level 5 of the Dungeon)
Jewellery
 i - an uncursed ring of protection from magic {MR+, !d}
   (You found it on level 1 of the Dungeon)
 m - a ring of protection from magic (left hand) {MR+, !d}
   (You found it on level 5 of the Dungeon)
 q - a ring of see invisible (right hand) {sInv, !d}
   (You found it on level 2 of the Dungeon)
 s - an amulet of magic regeneration (around neck)
   (You found it on level 3 of the Dungeon)
Wands
 p - a wand of digging (10)
   (You took it off Eustachio on level 6 of the Dungeon)
 r - a wand of acid (4)
   (You found it on level 6 of the Dungeon)
 x - a wand of paralysis (18)
   (You found it on level 6 of the Dungeon)
Scrolls
 h - 6 scrolls of remove curse
 j - 2 scrolls of enchant armour
 k - 3 scrolls of teleportation
 l - 3 scrolls of magic mapping {!r}
 u - a scroll of blinking {!r}
Potions
 b - a potion of flight
 c - a potion of cancellation {unknown}
 v - a potion of magic
Comestibles
 f - 5 rations


   Skills:
 + Level 7.6 Fighting
 + Level 12.1 Bows
 - Level 1.3 Dodging
 - Level 0.4 Stealth
 + Level 7.3 Unarmed Combat


You had 8 spell levels left.
You didn't know any spells.
Your spell library was empty.

Dungeon Overview and Level Annotations

Branches:
Dungeon (7/15)             Temple (0/1) D:7

Altars:
Cheibriados
Fedhas
Gozag
Sif Muna
Trog
Uskayaw
Vehumet
Xom
The Shining One


Innate Abilities, Weirdness & Mutations

You have hooves in place of feet.
Armour fits poorly on your strangely shaped body.
You cover ground very quickly.
You have extremely tough skin. (AC +3)


Message History

You feel sick. The killer bee closely misses you.
You take 1 damage, and have 49/79 hp.
The killer bee stings you.
You take 5 damage, and have 44/79 hp.
You are too injured to fight recklessly!
You are too injured to fight recklessly!
You barely miss the killer bee. Your kick misses the killer bee.
You feel sick.
The killer bee stings you but does no damage.
You closely miss the killer bee. You kick the killer bee.
The killer bee closely misses you. The killer bee barely misses you.
The killer bee stings you.
You take 5 damage, and have 39/79 hp.
Really quaff
e - a potion of berserk rage {!q}?
A red film seems to cover your vision as you go berserk!
You feel yourself moving faster!
You feel mighty!
You feel sick.
The killer bee stings you but does no damage.
The killer bee closely misses you. The killer bee stings you.
You now have 54/118 hp.
You closely miss the killer bee. You kick the killer bee.
The killer bee stings you. x2
The killer bee stings you but does no damage.
You take 5 damage, and have 49/118 hp.
You punch the killer bee!
You kill the killer bee!
The killer bee stings you.
You take 3 damage, and have 46/118 hp.
You barely miss the killer bee. Your kick misses the killer bee.
The killer bee stings you but does no damage.
The killer bee stings you.
You are more poisoned.
The killer bee poisons you! The killer bee stings you.
The killer bee closely misses you.
You take 9 damage, and have 37/118 hp.
You barely miss the killer bee. Your kick misses the killer bee.
You feel sick.
The killer bee stings you but does no damage. x2
The killer bee barely misses you.
You take 1 damage, and have 36/118 hp.
You closely miss the killer bee. You kick the killer bee!
The killer bee stings you but does no damage.
The killer bee barely misses you. The killer bee stings you.
* * * LOW HITPOINT WARNING * * *
You take 3 damage, and have 33/118 hp.
You hit the killer bee.
You kill the killer bee!
You feel sick.
The killer bee is distracted by the nearby gold.
The killer bee stings you but does no damage.
The killer bee buzzes angrily.
You take 1 damage, and have 32/118 hp.
You punch the killer bee!
The killer bee stings you but does no damage.
The bullfrog zombie is distracted by the nearby gold.
The killer bee closely misses you.
You pummel the killer bee!!
You kill the killer bee!
You feel sick. The killer bee stings you!
* * * LOW HITPOINT WARNING * * *
You are more poisoned.
The killer bee poisons you! The killer bee misses you.
You take 10 damage, and have 22/118 hp.
You punch the killer bee!
You feel sick.
The killer bee stings you but does no damage.
You miss the killer bee. Your kick misses the killer bee.
Your punch misses the killer bee. The killer bee stings you!
* * * LOW HITPOINT WARNING * * *
You are lethally poisoned!
The killer bee poisons you!
You take 9 damage, and have 13/118 hp.
You miss the killer bee. Your kick misses the killer bee.
* * * LOW HITPOINT WARNING * * *
You feel sick. The killer bee stings you.
* * * LOW HITPOINT WARNING * * *
You take 3 damage, and have 10/118 hp.
You miss the killer bee. Your kick misses the killer bee.
* * * LOW HITPOINT WARNING * * *
You feel sick. The killer bee closely misses you.
You take 1 damage, and have 9/118 hp.
You completely miss the killer bee. You kick the killer bee.
You kill the killer bee!
* * * LOW HITPOINT WARNING * * *
You feel sick.
You take 1 damage, and have 8/120 hp.
You are too berserk!
You miss the killer bee.
The killer bee is no longer distracted by gold.
Your kick misses the killer bee.
* * * LOW HITPOINT WARNING * * *
You feel sick.
The bullfrog zombie is no longer distracted by gold.
The bullfrog zombie is distracted by the nearby gold.
The killer bee stings you.
* * * LOW HITPOINT WARNING * * *
You are more poisoned.
The killer bee poisons you!
You take 2 damage, and have 6/120 hp.
You barely miss the killer bee.
* * * LOW HITPOINT WARNING * * *
You feel sick. The killer bee stings you!
You die...
Your body crumbles into a pile of gold.

......#.. ........#
.# #......# .# ..
#.....Z#####.###...
#.......>..........
#............#.#...
#..................#
########.##$Z......##
#.$@y.........
####........# ..
#........# #.
#........# .
####........# ##
####...........# #.
...............# ##
.........####### #.
................ ##


You could see a killer bee and a bullfrog zombie.

Vanquished Creatures
  Pikel (D:6)
  Sigmund (D:2)
  Eustachio (D:6)
  Menkaure (D:5)
  Edmund (D:5)
  Duvessa (D:5)
  An orc warrior (D:7)
  2 ogres
  A phantom (D:5)
  3 centaurs
  5 scorpions
  Dowan (D:5)
  4 killer bees (D:7)
  8 wights (D:6)
  3 howler monkeys
  2 crimson imps
  A jelly (D:7)
  A hound (D:4)
  An orc priest (D:3)
  2 iguanas
  An orc wizard (D:4)
  3 worker ants
  13 adders
  An ooze (D:1)
  An adder skeleton (D:6)
  4 worms
  A dart slug (D:1)
  3 leopard geckos
  18 orcs
  6 bats
  7 giant cockroaches
  7 hobgoblins
  7 jackals (Sewer)
  19 kobolds
  4 quokkas
  8 ball pythons
  10 frilled lizards
  6 goblins
  2 leopard gecko zombies
  2 quokka skeletons
  7 rats
  A bush (D:1)
  A plant (Sewer)
173 creatures vanquished.

Vanquished Creatures (others)
  A slave (D:6)
  A hound (D:6)
  A killer bee zombie (D:6)
  2 plants
5 creatures vanquished.

Grand Total: 178 creatures vanquished

Notes
Turn   | Place    | Note
-------+----------+-------------------------------------------
     0 | D:1      | mhoghedin the Centaur Hunter began the quest for the Orb.
     0 | D:1      | Reached XP level 1. HP: 17/17 MP: 1/1
    99 | D:1      | Reached XP level 2. HP: 22/24 MP: 2/2
   143 | D:1      | Reached skill level 6 in Bows
   485 | D:1      | Reached XP level 3. HP: 24/29 MP: 3/3
  1434 | D:2      | HP: 10/43 [poisoned by an adder]
  1438 | D:2      | Reached skill level 7 in Bows
  1440 | D:2      | HP: 4/43 [poisoned by an adder]
  1447 | D:2      | HP: 10/43 [leopard gecko (2)]
  2137 | D:2      | Reached XP level 4. HP: 36/36 MP: 4/4
  2159 | D:2      | Noticed Sigmund
  2200 | D:2      | HP: 8/36 [Sigmund/scythe (12)]
  2213 | D:2      | HP: 8/36 [something (1)]
  2264 | D:2      | Killed Sigmund
  2264 | D:2      | Reached skill level 9 in Bows
  2264 | D:2      | Reached XP level 5. HP: 22/41 MP: 5/5
  2393 | D:2      | Found a blossoming altar of Fedhas.
  2488 | D:3      | Found a glowing drain.
  2529 | Sewer    | Entered a sewer
  2857 | Sewer    | Reached XP level 6. HP: 31/48 MP: 6/6
  3020 | Sewer    | HP: 12/48 [poisoned by an adder]
  3025 | Sewer    | HP: 6/48 [adder (1)]
  3031 | Sewer    | HP: 4/48 [poisoned by an adder]
  3039 | Sewer    | HP: 3/48 [poisoned by an adder]
  4369 | D:3      | Found a glowing golden altar of the Shining One.
  4498 | D:3      | Reached skill level 10 in Bows
  4745 | D:3      | Found a deep blue altar of Sif Muna.
  5443 | D:4      | HP: 11/48 [orc/flail of holy wrath (2)]
  5452 | D:4      | HP: 11/48 [poisoned by an adder]
  5755 | D:4      | Reached skill level 1 in Unarmed Combat
  5764 | D:4      | Reached XP level 7. HP: 41/56 MP: 7/7
  6516 | D:5      | Entered Level 5 of the Dungeon
  6528 | D:5      | HP: 11/56 [centaur (4)]
  6529 | D:5      | HP: 1/56 [centaur (5)]
  6533 | D:5      | Reached skill level 3 in Fighting
  6533 | D:5      | Reached skill level 2 in Unarmed Combat
  6871 | D:5      | Noticed Duvessa
  6871 | D:5      | Noticed Dowan
  6890 | D:5      | Killed Dowan
  6939 | D:5      | Killed Duvessa
  6939 | D:5      | Reached skill level 3 in Unarmed Combat
  6966 | D:5      | Reached skill level 4 in Fighting
  7136 | D:5      | Noticed Edmund
  7418 | D:5      | Killed Edmund
  7418 | D:5      | Reached skill level 4 in Unarmed Combat
  7418 | D:5      | Reached XP level 8. HP: 34/67 MP: 8/8
  7764 | D:5      | Noticed Menkaure
  7780 | D:5      | HP: 16/67 [poisoned by a scorpion]
  8111 | D:5      | Reached skill level 5 in Fighting
  8190 | D:5      | HP: 4/68 [Menkaure (16)]
  8191 | D:5      | Killed Menkaure
  8505 | D:5      | Reached skill level 5 in Unarmed Combat
  8547 | D:5      | HP: 14/69 [iguana (6)]
  8905 | D:6      | Found a radiant altar of Vehumet.
  9148 | D:6      | Reached skill level 6 in Fighting
  9380 | D:6      | Noticed Pikel
  9424 | D:6      | Killed Pikel
  9424 | D:6      | Reached skill level 11 in Bows
  9424 | D:6      | Reached skill level 6 in Unarmed Combat
  9424 | D:6      | Reached XP level 9. HP: 31/78 MP: 9/9
  9688 | D:6      | Noticed Eustachio
  9720 | D:6      | Killed Eustachio
  9982 | D:6      | Found an opulent altar of Gozag.
 10052 | D:6      | Reached skill level 7 in Fighting
 10390 | D:6      | Found a shimmering altar of Xom.
 10394 | D:6      | Found a hide-covered altar of Uskayaw.
 10710 | D:6      | Became a worshipper of Gozag Ym Sagoz the Greedy
 10990 | D:6      | Found a snail-covered altar of Cheibriados.
 10992 | D:6      | Found a bloodstained altar of Trog.
 11241 | D:7      | Found a staircase to the Ecumenical Temple.
 11499 | D:7      | Reached skill level 7 in Unarmed Combat
 11852 | D:7      | Reached skill level 12 in Bows
 12016 | D:7      | HP: 22/118 [killer bee (9)]
 12019 | D:7      | HP: 10/118 [killer bee (2)]
 12023 | D:7      | Slain by a killer bee

Vault maps used:
D:1:      eino_arrival_cavern_c, serial_glass, glass_columns_c, glass_columns_b,
          glass_columns_b, glass_columns_c, glass_columns_a, glass_columns_a,
          glass_columns_a, glass_columns_b, glass_columns_a, glass_columns_a,
          lexackson_kobold_supper
D:2:      lemuel_doored_altar, uniq_sigmund
D:3:      minmay_wonky_spiral, led_sif_book, nicolae_overflow_crystal_walls,
          cheibrodos_sewer_entry_bend
D:4:      first_ration
D:5:      uniq_menkaure, uniq_duvessa, uniq_edmund
D:6:      lemuel_round_altar, nicolae_overflow_hidden_temple,
          nicolae_gozag_cash_rules_everything_around_me, uniq_pikel,
          uniq_eustachio
D:7:      minmay_temple_entry_crystal_x
Sewer:    sewer_co_scattered_pipes

Skill      XL: |  1  2  3  4  5  6  7  8  9 |
---------------+----------------------------+-----
Bows           | 6 7 9 10 11 12 | 12.1
Unarmed Combat | 1 4 6 7 |  7.3
Fighting       | 4 6 7 |  7.6
Dodging        | |  1.3
Stealth        | |  0.4

Action                   |  1- 3 |  4- 6 |  7- 9 || total
-------------------------+-------+-------+-------++-------
Melee: Short sword       |   233 |   103 |       ||   336
       Kick              |    89 |    50 |    91 ||   230
       Dagger            |       |   117 |       ||   117
       Flail             |       |    15 |    39 ||    54
       Unarmed           |       |       |   262 ||   262
       Punch             |       |       |     2 ||     2
 Fire: Shortbow          |    97 |    75 |   171 ||   343
  Use: Potion            |     5 |     5 |     6 ||    16
       Scroll            |       |     5 |     8 ||    13
 Stab: Invisible         |     2 |       |       ||     2
       Distracted        |       |       |     1 ||     1
  Eat: Chunk             |     3 |     4 |    10 ||    17
       Ration            |       |     2 |     2 ||     4
Armor: Leather armour    |    19 |     2 |    78 ||    99
       Skin              |    16 |       |       ||    16
       Robe              |       |    78 |    17 ||    95
Dodge: Dodged            |    29 |   134 |   154 ||   317

Table legend:
 A = Non-vault XP
 B = Vault XP
 C = Vault XP percentage of total XP
 D = Non-vault monster count
 E = Vault monster count
 F = Vault count percentage of total count
                 A         B        C        D         E       F
            +---------+---------+-------+---------+---------+-------
      Total |    2773 |    1755 |  38.8 |     131 |      41 |  23.8
            +---------+---------+-------+---------+---------+-------
        D:1 |      35 |      13 |  27.1 |      18 |       8 |  30.8
        D:2 |      49 |     231 |  82.5 |      19 |       1 |   5.0
        D:3 |     101 |      19 |  15.8 |      23 |       3 |  11.5
        D:4 |     344 |       0 |   0.0 |      14 |       0 |   0.0
        D:5 |     533 |     553 |  50.9 |      11 |       4 |  26.7
        D:6 |     927 |     866 |  48.3 |      25 |       2 |   7.4
        D:7 |     784 |       0 |   0.0 |      21 |       0 |   0.0
      Sewer |       0 |      73 | 100.0 |       0 |      23 | 100.0
            +---------+---------+-------+---------+---------+-------

Vault maps used:
D:1:      eino_arrival_cavern_c, serial_glass, glass_columns_c, glass_columns_b,
          glass_columns_b, glass_columns_c, glass_columns_a, glass_columns_a,
          glass_columns_a, glass_columns_b, glass_columns_a, glass_columns_a,
          lexackson_kobold_supper
D:2:      lemuel_doored_altar, uniq_sigmund
D:3:      minmay_wonky_spiral, led_sif_book, nicolae_overflow_crystal_walls,
          cheibrodos_sewer_entry_bend
D:4:      first_ration
D:5:      uniq_menkaure, uniq_duvessa, uniq_edmund
D:6:      lemuel_round_altar, nicolae_overflow_hidden_temple,
          nicolae_gozag_cash_rules_everything_around_me, uniq_pikel,
          uniq_eustachio
D:7:      minmay_temple_entry_crystal_x
Sewer:    sewer_co_scattered_pipes

Table legend:
 A = Turns spent in this place as a percentage of turns spent in the entire game.
 B = Non-inter-level travel turns spent in this place as a percentage of non-inter-level travel turns spent in the entire game.
 C = Inter-level travel turns spent in this place as a percentage of turns spent in this place.
 D = Turns resting spent in this place as a percentage of non-inter-level travel turns spent in this place.
 E = Turns spent auto-exploring this place as a percentage of non-inter-level travel turns spent in this place.
 F = Non-inter-level travel turns spent in this place divided by the number of levels of this place that you've seen.
                   A       B       C       D       E      F
               +-------+-------+-------+-------+-------+----------------------
         Total | 100.0 | 100.0 |   2.0 |  40.7 |  39.0 | 1472.5
       Dungeon |  90.6 |  90.4 |   2.2 |  40.5 |  39.3 | 1521.9
         Sewer |   9.4 |   9.6 |   0.0 |  41.9 |  36.5 | 1127.0
               +-------+-------+-------+-------+-------+----------------------

Table legend:
 A = Kills in this place as a percentage of kills in entire the game.
 B = Kills by you in this place as a percentage of kills by you in the entire game.
 C = Kills by friends in this place as a percentage of kills by friends in the entire game.
 D = Other kills in this place as a percentage of other kills in the entire game.
 E = Experience gained in this place as a percentage of experience gained in the entire game.
 F = Experience gained in this place divided by the number of levels of this place that you have seen.
                   A       B       C       D       E      F
               +-------+-------+-------+-------+-------+----------------------
         Total | 100.0 | 100.0 |   N/A | 100.0 | 100.0 | 566.0
       Dungeon |  86.6 |  86.5 |   N/A | 100.0 |  98.4 | 636.4
         Sewer |  13.4 |  13.5 |   N/A |   0.0 |   1.6 |  73.0
               +-------+-------+-------+-------+-------+----------------------
